 Dungeon Crawl Stone Soup version 0.29.1-14-g9c671dbff4 (webtiles) character file.

Game seed: 12721329258406232840

16574 leafyfresh the Covert (level 12, -14/97 HPs)
             Began as a Gnoll Delver on Feb 13, 2023.
             Was an Elder of Cheibriados.
             Demolished by a death yak (24 damage)
             ... on level 1 of the Lair of Beasts on Feb 14, 2023.
             The game lasted 00:50:20 (19730 turns).

leafyfresh the Covert (Gnoll Delver)               Turns: 19730, Time: 00:50:21

Health: -14/97     AC:  9    Str: 20    XL:     12   Next: 38%
Magic:  23/23      EV: 24    Int: 23    God:    Cheibriados [****..]
Gold:   1482       SH:  0    Dex: 37    Spells: 8/26 levels left

rFire   + + .      SeeInvis .   Z - +5 falchion (freeze)
rCold   + . .      Faith    .   o - orb {light}
rNeg    . . .      Spirit   .   N - +2 leather armour {rPois}
rPois   +          Reflect  .   k - +0 helmet
rElec   .          Harm     .   c - scarf {rC+ rF+}
rCorr   .          Rampage  .   (no gloves)
Will    .....                   S - +1 pair of boots
Stlth   +++.......              (no amulet)
HPRegen 0.26/turn               A - ring "Iziriatt" {rPois rF+ Dex+6}
MPRegen 0.18/turn               R - ring of poison resistance

@: mighty, on berserk cooldown, slowed, glowing, very slow
A: fangs 1, strong nose, distributed training, agile 1, clever 1, deterioration
1
a: Renounce Religion, Bend Time, Temporal Distortion, Slouch


You were on level 1 of the Lair of Beasts.
You worshipped Cheibriados.
Cheibriados was greatly pleased with you.
You visited 3 branches of the dungeon, and saw 13 of its levels.
You also visited: Ossuary.

You collected 2229 gold pieces.
You spent 747 gold pieces at shops.

Inventory:

Hand Weapons
 q - a +2 whip of venom
 U - the +9 sling "Caott" {freeze, Stlth+}
   (You bought it in a shop on level 11 of the Dungeon)

   Any ammunition fired from it freezes those it strikes, dealing additional
   cold damage.
   It can also slow down cold-blooded creatures.
   Stlth:     It makes you more stealthy.
 Z - a +5 falchion of freezing (weapon)
Missiles
 b - 5 atropa-tipped darts (quivered)
Armour
 c - a scarf of resistance (worn)
 k - a +0 helmet (worn)
 l - a +1 robe of cold resistance
 o - an orb of light (worn)
 N - a +2 leather armour of poison resistance (worn)
 P - a +1 robe of the Archmagi
 Q - a +2 robe of willpower
 S - a +1 pair of boots (worn)
 Y - a +0 troll leather armour
Magical Staves
 e - a staff of earth
 y - a staff of poison
Jewellery
 a - a ring of positive energy
 m - a ring of willpower
 v - a +4 ring of evasion
 A - the ring "Iziriatt" (left hand) {rPois rF+ Dex+6}
   (You acquired it on level 4 of the Dungeon)

   [ring of dexterity]

   Dex:       It affects your dexterity (+6).
   rF:        It protects you from fire.
   rPois:     It protects you from poison.
 R - a ring of poison resistance (right hand)
 X - a +6 ring of intelligence
Wands
 g - a wand of digging (3)
 D - a wand of flame (17)
 H - a wand of paralysis (13)
 L - a wand of light (12)
 V - a wand of roots (7)
Scrolls
 d - 4 scrolls of amnesia
 i - a scroll of magic mapping
 j - a scroll of summoning
 n - 3 scrolls of immolation
 s - 2 scrolls of teleportation
 E - 2 scrolls of torment
 F - a scroll of butterflies
 G - 4 scrolls of noise
 O - 2 scrolls of poison
 T - a scroll of vulnerability
 W - a scroll of silence {unknown}
Potions
 f - 2 potions of haste
 h - 4 potions of resistance
 p - 3 potions of curing
 r - 2 potions of ambrosia {unknown}
 u - 5 potions of lignification
 x - a potion of degeneration {unknown}
 z - 2 potions of berserk rage
 B - a potion of flight {unknown}
 I - 2 potions of magic
 J - 2 potions of heal wounds {unknown}
 K - 4 potions of brilliance
 M - 4 potions of attraction


   Skills:
 + Level 10.0 Fighting
 + Level 8.9 Short Blades
 + Level 7.5 Long Blades
 + Level 7.5 Axes
 + Level 7.5 Maces & Flails
 + Level 7.5 Polearms
 + Level 7.5 Staves
 + Level 7.5 Ranged Weapons
 + Level 7.5 Throwing
 + Level 7.5 Armour
 + Level 8.9 Dodging
 + Level 12.1 Stealth
 + Level 7.5 Shields
 + Level 7.5 Unarmed Combat
 + Level 7.5 Spellcasting
 + Level 6.2 Conjurations
 + Level 6.2 Hexes
 + Level 6.2 Summonings
 + Level 6.2 Necromancy
 + Level 6.2 Translocations
 + Level 6.2 Transmutations
 + Level 6.2 Fire Magic
 + Level 6.2 Ice Magic
 + Level 6.2 Air Magic
 + Level 6.2 Earth Magic
 + Level 6.2 Poison Magic
 + Level 8.2 Invocations
 + Level 7.5 Evocations


You had 8 spell levels left.
You knew the following spells:

 Your Spells              Type           Power      Damage    Failure   Level
a - Static Discharge      Conj/Air       37%        3-8/arc   1%          2
b - Spider Form           Tmut/Pois      37%        N/A       1%          3
c - Ensorcelled Hibernat  Hex/Ice        74%        N/A       1%          2
d - Conjure Flame         Conj/Fire      37%        6-21      1%          3
e - Sticky Flame          Conj/Fire      37%        2d6       6%          4
f - Flame Wave            Conj/Fire      37%        2d10      6%          4

Your spell library contained the following spells:

 Spells                   Type           Power      Damage    Failure   Level
 Scorch                   Fire           74%        2d8       1%          2
 Sublimation of Blood     Necr           37%        N/A       1%          2
 Wereblood                Tmut           37%        N/A       1%          2
 Ignite Poison            Fire/Tmut/Pois 37%        N/A       1%          3
 Anguish                  Hex/Necr       18%        N/A       6%          4
 Lightning Bolt           Conj/Air       18%        1d33      19%         5
 Summon Cactus Giant      Summ           18%        N/A       69%         6
 Summon Hydra             Summ           18%        N/A       99%         7
 Maxwell's Capacitive Co  Air            18%        ∞         100%        8


Dungeon Overview and Level Annotations

Branches:
Dungeon (11/15)            Temple (1/1) D:7            Lair (1/5) D:11
    Orc (0/2) D:11        Ossuary (visited)

Altars:
Ashenzari
Cheibriados
Dithmenos
Elyvilon
Fedhas
Gozag
Hepliaklqana
Kikubaaqudgha
Makhleb
Nemelex Xobeh
Okawaru
Qazlal
Ru
Sif Muna
Trog
Uskayaw
Vehumet
Wu Jian
Xom
Yredelemnul
The Shining One

Shops:
D:3 :   D:11 [(

Portals:
Trove: D:11 (give 5 scrolls of butterflies)

Annotations:
D:9 2 transporters, Thatpatchoflichen's ghost, novice HuMo
Temple 2 transporters


Innate Abilities, Weirdness & Mutations

You have very sharp teeth.
Your uncanny sense of smell can sniff out nearby items.
Your experience applies equally to all skills.
You are agile. (Dex +4, Str/Int -1)
Your mind is acute. (Int +4, Str/Dex -1)
Your body sometimes deteriorates upon taking damage.


Message History

You slash the death yak! You freeze the death yak!
You kill the death yak!
Cheibriados appreciates the change of pace.
The death yak gores you!!
Your Fighting skill increases to level 10!
You slash the death yak! You freeze the death yak.
The death yak is moderately wounded.
The death yak misses you.
You slash the death yak! You freeze the death yak.
The death yak is heavily wounded.
The death yak gores you!
You slash the death yak! You freeze the death yak.
The death yak is severely wounded.
The death yak gores you. x2
You slash the death yak! You freeze the death yak. You bite the death yak.
The death yak is almost dead.
The death yak gores you.
* * * LOW HITPOINT WARNING * * *
You slash the death yak! You freeze the death yak.
You kill the death yak!
Cheibriados thoroughly appreciates the change of pace.
You hit the death yak. You freeze the death yak.
The death yak is lightly wounded.
The death yak gores you!!
* * * LOW HITPOINT WARNING * * *
The death yak completely misses you.
You slice the death yak!! You freeze the death yak.
The death yak is moderately wounded.
The death yak misses you.
You slash the death yak! You freeze the death yak.
The death yak is severely wounded.
The death yak closely misses you. The death yak misses you.
You slash the death yak! You freeze the death yak.
The death yak is almost dead.
The death yak gores you.
* * * LOW HITPOINT WARNING * * *
You slash the death yak! You freeze the death yak.
The death yak is almost dead.
The death yak gores you!!
You die...

#########################
.........................
#.##....................
.........##.#+##.#...#
....#....#....†....##
....#....#..........#
.........+.......#.##
....#....#.......+.#
....#....#......@#.#
....+....########Y.#
....#...................Y
#.#.#....................
......###########$.......
......# #...##### #..##
#..# #...


You could see a death yak.

Vanquished Creatures
  2 two-headed ogres (D:8)
  5 death yaks (Lair:1)
  Nergalle (D:11)
  2 cyclopes (D:11)
  A rime drake (shapeshifter) (D:10)
  A komodo dragon (Lair:1)
  A troll (D:10)
  A queen bee (D:11)
  8 blink frogs (Lair:1)
  12 yaks (D:8)
  A shadow (D:10)
  A wyvern (D:9)
  2 wraiths (D:11)
  A steam dragon (D:8)
  An acid dragon (D:9)
  4 water moccasins
  A sky beast (D:4)
  2 black bears (D:5)
  8 orc warriors
  4 ogres
  6 wolves
  3 centaurs
  A kobold brigand (D:3)
  A gnoll sergeant (D:9)
  10 bullfrogs
  3 necrophages
  2 scorpions
  3 water moccasin zombies (Ossuary)
  13 wights
  8 killer bees (D:11)
  3 howler monkeys (D:9)
  A jelly (D:6)
  11 orc priests
  5 hounds
  A gnoll bouda (D:5)
  5 iguanas
  13 orc wizards
  2 mummies (Ossuary)
  6 adders
  13 gnolls
  2 white imps (D:7)
  4 adder zombies (Ossuary)
  A worm (D:4)
  4 dart slugs
  39 orcs
  8 endoplasms
  5 giant cockroaches
  7 goblins
  10 hobgoblins
  5 jackals
  5 quokkas
  9 ball pythons
  6 bats
  5 frilled lizards
  7 gnoll zombies (Ossuary)
  2 hobgoblin zombies (Ossuary)
  16 kobolds
  4 kobold zombies (Ossuary)
  6 orc zombies (Ossuary)
  4 rats
318 creatures vanquished.

Vanquished Creatures (others)
  5 fungi (Lair:1)
  3 plants (Lair:1)
8 creatures vanquished.

Grand Total: 326 creatures vanquished

Notes
Turn   | Place    | Note
-------+----------+-------------------------------------------
     0 | D:5      | Reached skill level 9 in Stealth
     0 | D:5      | leafyfresh the Gnoll Delver began the quest for the Orb.
     0 | D:5      | Reached XP level 1. HP: 23/23 MP: 1/1
    76 | D:5      | Noticed an ogre
   216 | D:3      | Reached XP level 2. HP: 28/29 MP: 2/2
   557 | D:1      | Reached XP level 3. HP: 35/35 MP: 3/3
   876 | D:1      | Reached skill level 1 in Invocations
  1180 | D:1      | Reached skill level 1 in Long Blades
  1180 | D:1      | Reached skill level 1 in Axes
  1180 | D:1      | Reached skill level 1 in Maces & Flails
  1180 | D:1      | Reached skill level 1 in Polearms
  1180 | D:1      | Reached skill level 1 in Staves
  1180 | D:1      | Reached skill level 1 in Ranged Weapons
  1180 | D:1      | Reached skill level 1 in Throwing
  1180 | D:1      | Reached skill level 1 in Armour
  1180 | D:1      | Reached skill level 1 in Shields
  1180 | D:1      | Reached skill level 1 in Unarmed Combat
  1180 | D:1      | Reached skill level 1 in Spellcasting
  1180 | D:1      | Reached skill level 1 in Evocations
  1296 | D:1      | Found a faded altar of an unknown god.
  1616 | D:2      | Reached XP level 4. HP: 40/41 MP: 5/5
  1999 | D:2      | Reached skill level 1 in Conjurations
  1999 | D:2      | Reached skill level 1 in Hexes
  1999 | D:2      | Reached skill level 1 in Summonings
  1999 | D:2      | Reached skill level 1 in Necromancy
  1999 | D:2      | Reached skill level 1 in Translocations
  1999 | D:2      | Reached skill level 1 in Transmutations
  1999 | D:2      | Reached skill level 1 in Fire Magic
  1999 | D:2      | Reached skill level 1 in Ice Magic
  1999 | D:2      | Reached skill level 1 in Air Magic
  1999 | D:2      | Reached skill level 1 in Earth Magic
  1999 | D:2      | Reached skill level 1 in Poison Magic
  2215 | D:2      | Found a shimmering altar of Xom.
  2837 | D:3      | Noticed a kobold brigand
  2851 | D:3      | Killed a kobold brigand
  2852 | D:3      | Reached XP level 5. HP: 22/47 MP: 5/7
  3110 | D:3      | Learned a level 2 spell: Static Discharge
  3394 | D:3      | Found Asoy's Vocational Training.
  4559 | D:4      | Noticed a sky beast
  4575 | D:4      | Identified a scroll of acquirement
  4575 | D:4      | Acquired the ring "Iziriatt" {rPois rF+ Dex+6}
  4874 | D:4      | Reached XP level 6. HP: 46/53 MP: 8/8
  4883 | D:4      | Reached skill level 5 in Short Blades
  4883 | D:4      | Reached skill level 5 in Dodging
  6066 | D:4      | Killed a sky beast
  6067 | D:4      | Reached XP level 7. HP: 29/60 MP: 10/10
  6348 | D:4      | You fall into a shaft and drop 2 floors!
  7006 | D:5      | Reached skill level 10 in Stealth
  7402 | D:5      | Reached XP level 8. HP: 50/67 MP: 12/12
  8608 | D:6      | Learned a level 3 spell: Spider Form
  8611 | D:6      | Learned a level 2 spell: Ensorcelled Hibernation
  8615 | D:6      | Learned a level 3 spell: Conjure Flame
  8906 | D:6      | Reached XP level 9. HP: 60/73 MP: 14/14
  9909 | D:7      | Found a sand-covered staircase.
  9915 | Ossuary  | Entered an ossuary
 10550 | D:7      | Reached skill level 5 in Invocations
 10854 | D:7      | Found a staircase to the Ecumenical Temple.
 10863 | Temple   | Entered the Ecumenical Temple
 10863 | Temple   | Found a transporter.
 10863 | Temple   | Found a transporter.
 10865 | Temple   | Found a transporter.
 10865 | Temple   | Found a transporter.
 10883 | Temple   | Became a worshipper of Cheibriados the Contemplative
 11533 | D:8      | Noticed a two-headed ogre
 11554 | D:8      | Killed a two-headed ogre
 11555 | D:8      | Reached skill level 5 in Long Blades
 11555 | D:8      | Reached skill level 5 in Axes
 11555 | D:8      | Reached skill level 5 in Maces & Flails
 11555 | D:8      | Reached skill level 5 in Polearms
 11555 | D:8      | Reached skill level 5 in Staves
 11555 | D:8      | Reached skill level 5 in Ranged Weapons
 11555 | D:8      | Reached skill level 5 in Throwing
 11555 | D:8      | Reached skill level 5 in Armour
 11555 | D:8      | Reached skill level 5 in Shields
 11555 | D:8      | Reached skill level 5 in Unarmed Combat
 11555 | D:8      | Reached skill level 5 in Spellcasting
 11555 | D:8      | Reached skill level 5 in Evocations
 11555 | D:8      | Reached XP level 10. HP: 81/81 MP: 17/17
 11574 | D:8      | Noticed a two-headed ogre
 12073 | D:8      | Reached skill level 11 in Stealth
 12876 | D:8      | Killed a two-headed ogre
 13078 | D:8      | Reached * piety under Cheibriados
 13726 | D:8      | Found a burning altar of Makhleb.
 14197 | D:9      | Reached skill level 5 in Conjurations
 14197 | D:9      | Reached skill level 5 in Hexes
 14197 | D:9      | Reached skill level 5 in Summonings
 14197 | D:9      | Reached skill level 5 in Necromancy
 14197 | D:9      | Reached skill level 5 in Translocations
 14197 | D:9      | Reached skill level 5 in Transmutations
 14197 | D:9      | Reached skill level 5 in Fire Magic
 14197 | D:9      | Reached skill level 5 in Ice Magic
 14197 | D:9      | Reached skill level 5 in Air Magic
 14197 | D:9      | Reached skill level 5 in Earth Magic
 14197 | D:9      | Reached skill level 5 in Poison Magic
 14215 | D:9      | Reached XP level 11. HP: 55/86 MP: 20/20
 14348 | D:9      | Reached ** piety under Cheibriados
 14640 | D:9      | Learned a level 4 spell: Sticky Flame
 15157 | D:9      | Found a transporter.
 15162 | D:9      | Found a bloodstained altar of Trog.
 15163 | D:9      | Noticed a two-headed ogre
 15252 | D:9      | Found a transporter.
 15252 | D:9      | Noticed a two-headed ogre
 15252 | D:9      | Noticed a two-headed ogre
 15252 | D:9      | Noticed a tengu warrior
 15253 | D:9      | Noticed Thatpatchoflichen's ghost (novice HuMo)
 15253 | D:9      | Noticed a two-headed ogre
 15402 | D:9      | Found a hazy altar of Hepliaklqana.
 15404 | D:9      | Found a shadowy altar of Dithmenos.
 15409 | D:9      | Found a sparkling altar of Nemelex Xobeh.
 15409 | D:9      | Found a broken altar of Ashenzari.
 15409 | D:9      | Found a blossoming altar of Fedhas.
 15410 | D:9      | Found a sacrificial altar of Ru.
 15412 | D:9      | Found a radiant altar of Vehumet.
 15534 | D:9      | Noticed a moth of wrath
 15587 | D:10     | Entered Level 10 of the Dungeon
 15834 | D:10     | Found a shimmering blue altar of Sif Muna.
 16022 | D:10     | Found a hide-covered altar of Uskayaw.
 16649 | D:10     | Learned a level 4 spell: Flame Wave
 16680 | D:10     | Reached *** piety under Cheibriados
 16774 | D:11     | Noticed a cyclops
 16774 | D:11     | Noticed Nergalle
 16779 | D:11     | Killed a cyclops
 16791 | D:11     | Killed Nergalle
 17250 | D:11     | Found Ahoihar's Armour Shop.
 17250 | D:11     | Found a staircase to the Orcish Mines.
 17592 | D:11     | Found a portal to a secret trove of treasure.
 17612 | D:11     | Noticed a cyclops
 17622 | D:11     | Killed a cyclops
 17900 | D:11     | Found Ogheg's Weapon Shop.
 17913 | D:11     | Bought the +9 sling "Caott" {freeze, Stlth+} for 747 gold
                  | pieces
 18099 | D:11     | Found a staircase to the Lair.
 18786 | Lair:1   | Entered Level 1 of the Lair of Beasts
 18906 | D:11     | Reached **** piety under Cheibriados
 18907 | D:11     | Acquired 1258 gold pieces
 19160 | Lair:1   | Reached XP level 12. HP: 31/97 MP: 22/22
 19460 | Lair:1   | Gained mutation: You are frail. (-10% HP) [potion of
                  | mutation]
 19460 | Lair:1   | Gained mutation: You are dopey. (Int -2) [potion of
                  | mutation]
 19460 | Lair:1   | Gained mutation: You are very dopey. (Int -4) [potion of
                  | mutation]
 19460 | Lair:1   | Lost mutation: You are frail. (-10% HP) [potion of
                  | mutation]
 19461 | Lair:1   | Lost mutation: You are very dopey. (Int -4) [potion of
                  | mutation]
 19461 | Lair:1   | Lost mutation: You are dopey. (Int -2) [potion of mutation]
 19461 | Lair:1   | Gained mutation: Potions are less effective at restoring
                  | your health. [potion of mutation]
 19461 | Lair:1   | Gained mutation: Your mind is acute. (Int +4, Str/Dex -1)
                  | [potion of mutation]
 19461 | Lair:1   | Gained mutation: Your flesh is cold resistant. (rC+)
                  | [potion of mutation]
 19462 | Lair:1   | Lost mutation: Potions are less effective at restoring your
                  | health. [potion of mutation]
 19462 | Lair:1   | Lost mutation: Your flesh is cold resistant. (rC+) [potion
                  | of mutation]
 19462 | Lair:1   | Gained mutation: Your body sometimes deteriorates upon
                  | taking damage. [potion of mutation]
 19462 | Lair:1   | Gained mutation: You are agile. (Dex +4, Str/Int -1)
                  | [potion of mutation]
 19693 | Lair:1   | Noticed a death yak
 19693 | Lair:1   | Noticed a death yak
 19694 | Lair:1   | Noticed a death yak
 19694 | Lair:1   | Noticed a death yak
 19695 | Lair:1   | Noticed a death yak
 19695 | Lair:1   | Noticed a death yak
 19703 | Lair:1   | Killed a death yak
 19708 | Lair:1   | Killed a death yak
 19709 | Lair:1   | Reached skill level 12 in Stealth
 19713 | Lair:1   | Killed a death yak
 19720 | Lair:1   | Killed a death yak
 19721 | Lair:1   | Reached skill level 10 in Fighting
 19725 | Lair:1   | Killed a death yak
 19730 | Lair:1   | Demolished by a death yak

Illustrated notes

Levels and vault maps discovered:
D:1:      reono_arrival_forest_river, layout_basic,
          shapermc_ecumenical_altar_acropolis, nicolae_titane
D:2:      layout_loops_corners, basic_altar
D:3:      cheibrodos_thug_alley, layout_loops_ring, minmay_misc_feat_roman,
          grunt_ministairs_10, minmay_tree_intersection,
          dreamdust_princess_bridge, nicolae_shop_vocational
D:4:      layout_rooms
D:5:      layout_cave_pools, serial_rivers, chequers_serial_rivers_micro_d,
          chequers_serial_rivers_micro_b, chequers_serial_rivers_micro_c,
          chequers_serial_rivers_small_a, chequers_serial_rivers_large_b,
          chequers_serial_rivers_micro_e
D:6:      layout_loops_corners, due_unseen_surprise
D:7:      layout_loops_ring, lemuel_temple_firewalk_a, enter_ossuary_5
D:8:      layout_layer_cave, amcnicky_mini_pool_small, david_defended_altar_orc
D:9:      layout_basic, minitemple, gammafunk_ghost_wrathful_warriors
D:10:     layout_roguey, overflow_temple_1_default,
          mainiacjoe_overflow_alcove_2, hex_large
D:11:     layout_stronghold, lair_entry_dummy, orc_david_3, enter_trove_6,
          minmay_crystal_room, nicolae_looking_at_the_future, uniq_nergalle
Temple:   hellmonk_temple_divided_pantheon
Lair:1:   layout_chaotic_city, serial_bayou_shore_a

Skill      XL: |  1  2  3  4  5  6  7  8  9 10 11 12 |
---------------+-------------------------------------+-----
Stealth        | 10 11 12 | 12.1
Invocations    | 1 2 3 4 5 6 7 8 |  8.2
Long Blades    | 1 2 3 5 6 7 |  7.5
Axes           | 1 2 3 5 6 7 |  7.5
Maces & Flails | 1 2 3 5 6 7 |  7.5
Polearms       | 1 2 3 5 6 7 |  7.5
Staves         | 1 2 3 5 6 7 |  7.5
Ranged Weapons | 1 2 3 5 6 7 |  7.5
Throwing       | 1 2 3 5 6 7 |  7.5
Armour         | 1 2 3 5 6 7 |  7.5
Shields        | 1 2 3 5 6 7 |  7.5
Unarmed Combat | 1 2 3 5 6 7 |  7.5
Spellcasting   | 1 2 3 5 6 7 |  7.5
Evocations     | 1 2 3 5 6 7 |  7.5
Conjurations   | 1 2 3 4 5 6 |  6.2
Hexes          | 1 2 3 4 5 6 |  6.2
Summonings     | 1 2 3 4 5 6 |  6.2
Necromancy     | 1 2 3 4 5 6 |  6.2
Translocations | 1 2 3 4 5 6 |  6.2
Transmutations | 1 2 3 4 5 6 |  6.2
Fire Magic     | 1 2 3 4 5 6 |  6.2
Ice Magic      | 1 2 3 4 5 6 |  6.2
Air Magic      | 1 2 3 4 5 6 |  6.2
Earth Magic    | 1 2 3 4 5 6 |  6.2
Poison Magic   | 1 2 3 4 5 6 |  6.2
Short Blades   | 5 6 7 8 |  8.9
Dodging        | 5 6 7 8 |  8.9
Fighting       | 7 8 9 10 | 10.0

Action                   |  1- 3 |  4- 6 |  7- 9 | 10-12 || total
-------------------------+-------+-------+-------+-------++-------
Melee: Short sword       |   122 |    88 |   274 |       ||   484
       Bite              |     9 |    28 |    94 |    85 ||   216
       Whip              |     8 |   135 |       |       ||   143
       Punch             |     1 |       |       |       ||     1
       Dagger            |       |       |   292 |   309 ||   601
       Unarmed           |       |       |    23 |    74 ||    97
       Falchion          |       |       |       |   145 ||   145
 Fire: Sling             |       |       |       |    42 ||    42
 Cast: Static Discharge  |       |     3 |     2 |     3 ||     8
       Spider Form       |       |       |     1 |     5 ||     6
       Sticky Flame      |       |       |       |     9 ||     9
       Flame Wave        |       |       |       |     9 ||     9
       Ensorcelled Hiber |       |       |       |     3 ||     3
       Conjure Flame     |       |       |       |     1 ||     1
  Use: Scroll            |       |    10 |     8 |    13 ||    31
       Potion            |       |     2 |       |    11 ||    13
 Stab: Sleeping          |    12 |     5 |     8 |     3 ||    28
       Distracted        |     1 |     1 |       |       ||     2
Armor: Leather armour    |    15 |    42 |    56 |    71 ||   184
       Skin              |       |       |       |     1 ||     1
Dodge: Dodged            |    74 |   185 |   337 |   599 ||  1195
